Gangsters vs Remparts
(R1)
Created - April 21, 2018 at 23:16
Goals
|
| Gangsters |
1 |
1 |
2 |
4 |
| Remparts |
0 |
2 |
1 |
3 |
|
Shots
|
| Gangsters |
13 |
12 |
3 |
28 |
| Remparts |
11 |
10 |
14 |
35 |
|
1st period
1. Gangsters , Dave Dziurzynski 26 (Devante Smith-Pelly 33, Maxime Sauvé 54) at 0:58
Penalties :
Artem Anisimov (Bro) for Holding (Minor) at 2:26, Chris Bourque (Bro) for Charging (Minor) at 15:03
2nd period
2. Remparts , Max Reinhart 19 (Kris Russell 24) at 4:18 (PP)
3. Remparts , Cody Ceci 5 (Alex Galchenyuk 64, Guillaume Desbiens 60) at 5:40
4. Gangsters , Tomas Hertl 28 (Michael Sdao 12, Stefan Noesen 11) at 18:18
Penalties :
Colten Teubert (Bro) for Roughing (Minor) at 4:03, Mike Weber (Que) for Hooking (Minor) at 15:12, Dainius Zubrus (Que) for Tripping (Minor) at 18:21
3rd period
5. Gangsters , Chris Bourque 54 (Artem Anisimov 29) at 7:53 (PP)
6. Gangsters , Seth Griffith 16 (Brendan Woods 20, Chris Bourque 75) at 13:16
7. Remparts , Max Reinhart 20 (Pasi Salonen 29, William Colbert 24) at 15:26 (SH)
Penalties :
Dainius Zubrus (Que) for Holding (Minor) at 7:48, Guillaume Desbiens (Que) for Hooking (Minor) at 15:20
Goalie Stats
Dustin Tokarski (Bro), 32 saves from 35 shots - (0.914), W, 27-20-2, 60:00 minutes
Tyler Plante (Que), 24 saves from 28 shots - (0.857), L, 19-22-4, 58:56 minutes
Players Stats for Gangsters
Player Name G A P +/- PIM S H SB GA TA FO MP PP MP PK MP
------------------------------------------------------------------------------------
Artem Anisimov 0 1 1 -2 2 3 1 1 2 0 13/40 23:18 4:14 1:16
Brendan Woods 0 1 1 1 0 0 0 0 1 0 0/1 9:44 0:00 1:58
Chris Bourque 1 1 2 -2 2 3 1 0 1 1 2/3 23:21 4:14 1:17
Colten Teubert 0 0 0 -2 2 2 5 1 1 1 0/0 28:56 4:57 2:30
Dave Dziurzynski 1 0 1 1 0 5 1 0 0 0 0/0 15:59 1:46 0:00
Derrick Pouliot 0 0 0 1 0 0 0 0 0 0 0/0 11:33 0:00 0:15
Devante Smith-Pelly 0 1 1 1 0 3 2 0 0 0 0/0 16:00 1:46 0:00
Jonas Brodin 0 0 0 1 0 0 0 1 0 1 0/0 11:18 0:00 0:00
Magnus Paajarvi-Svensson 0 0 0 1 0 1 2 0 0 0 0/0 11:52 0:02 1:26
Maxime Sauvé 0 1 1 1 0 2 3 0 1 0 8/18 17:04 1:46 0:52
Michael Sdao 0 1 1 2 0 2 1 1 0 1 0/0 19:30 1:05 1:28
Morgan Ellis 0 0 0 2 0 0 1 0 0 1 0/0 19:30 1:05 1:28
Patrik Nemeth 0 0 0 -2 0 0 2 3 0 1 0/0 29:12 4:57 2:45
Richard Panik 0 0 0 -2 0 2 2 1 1 2 1/3 22:10 4:13 0:52
Sebastian Collberg 0 0 0 1 0 0 0 1 0 0 0/0 7:04 0:00 0:00
Seth Griffith 1 0 1 1 0 2 0 0 0 0 1/1 7:04 0:00 0:00
Stefan Noesen 0 1 1 1 0 0 3 0 0 0 0/0 9:56 0:00 0:00
Tomas Hertl 1 0 1 1 0 3 2 0 1 0 2/5 12:13 0:05 0:45
Players Stats for Remparts
Player Name G A P +/- PIM S H SB GA TA FO MP PP MP PK MP
------------------------------------------------------------------------------------
Alex Galchenyuk 0 1 1 1 0 2 3 0 2 1 2/4 21:16 2:13 0:52
Anton Zlobin 0 0 0 -1 0 0 0 0 0 0 0/0 6:46 0:00 0:00
Cédric Lalonde-McNicoll 0 0 0 0 0 3 1 0 0 0 5/9 11:23 0:00 0:07
Chris Mueller 0 0 0 -1 0 0 0 0 0 0 3/4 9:09 0:00 1:42
Cody Ceci 1 0 1 0 0 3 0 2 0 2 0/0 23:19 0:00 3:29
Dainius Zubrus 0 0 0 1 4 3 1 0 0 0 21/30 21:24 2:13 0:36
Dale Weise 0 0 0 0 0 1 0 0 0 0 0/0 11:16 0:00 0:00
Erik Gustafsson 0 0 0 0 0 0 0 0 0 3 0/0 14:09 0:00 2:06
Guillaume Desbiens 0 1 1 1 2 1 5 0 2 0 1/2 21:03 2:13 0:18
Justin Williams 0 0 0 -2 0 5 2 0 0 0 0/1 14:37 2:00 0:00
Kris Russell 0 1 1 -1 0 4 0 3 2 0 0/0 24:02 2:46 0:20
Max Reinhart 2 0 2 -1 0 3 0 2 0 0 10/19 18:08 2:00 3:19
Michal Jordan 0 0 0 0 0 2 0 1 1 0 0/0 14:03 1:27 0:20
Mike Weber 0 0 0 -1 2 1 2 1 0 0 0/0 21:29 2:46 1:05
Pasi Salonen 0 1 1 -1 0 2 5 0 0 0 2/2 18:04 2:00 3:28
Patrick Maroon 0 0 0 0 0 2 2 1 1 1 0/0 13:39 0:00 1:42
Tim Bozon 0 0 0 -1 0 0 0 0 0 0 0/0 6:46 0:00 0:00
William Colbert 0 1 1 0 0 3 0 3 0 1 0/0 23:21 1:27 4:44
3 Stars
1 - Max Reinhart (Que)
2 - Tomas Hertl (Bro)
3 - Dave Dziurzynski (Bro)
Power Play
Gangsters - 1 on 4 Attempt(s) - 25.00%
Remparts - 1 on 3 Attempt(s) - 33.33%
Penalty Kill
Gangsters - 2 on 3 Attempt(s) - 66.67%
- Score 0 goal in Penalty Kill
Remparts - 3 on 4 Attempt(s) - 75.00%
- Score 1 goal in Penalty Kill
Team Stat
Gangsters - Hits : 26 - Faceoff Wins : 27 - Blocked Shots : 9 - Penalty Minutes : 6
Remparts - Hits : 21 - Faceoff Wins : 44 - Blocked Shots : 13 - Penalty Minutes : 8
Official
Referees : O'Halloran Dan and Pollock Kevin
Linesman : Pierre Racicot and Lyle Seitz
Game Notes
No Game Note
Finance
Level 1 -- Attendance: 1520 (76.00%) -- Ticket Income $45,600
Level 2 -- Attendance: 752 (75.20%) -- Ticket Income $15,040
Total Attendance: 2272 (75.73%)
Total Ticket Income: $60,640
Other Income: $3,032
Total Income: $63,672
Gangsters
5 vs 5 Forward
Center Left Wing Right Wing Time % Phy DF OF
1 Artem Anisimov Chris Bourque Richard Panik 40 1 2 2
2 Maxime Sauvé Dave Dziurzynski Devante Smith-Pelly 30 1 2 2
3 Tomas Hertl Magnus Paajarvi-Svensson Stefan Noesen 20 1 2 2
4 Seth Griffith Brendan Woods Sebastian Collberg 10 1 2 2
5 vs 5 Defense
Defense Defense Time % Phy DF OF
1 Colten Teubert Patrik Nemeth 40 1 2 2
2 Michael Sdao Morgan Ellis 30 1 2 2
3 Jonas Brodin Derrick Pouliot 20 1 2 2
4 Colten Teubert Patrik Nemeth 10 1 2 2
PowerPlay Forward
Center Left Wing Right Wing Time % Phy DF OF
1 Artem Anisimov Chris Bourque Richard Panik 60 1 2 2
2 Maxime Sauvé Dave Dziurzynski Devante Smith-Pelly 40 1 2 2
PowerPlay Defense
Defense Defense Time % Phy DF OF
1 Colten Teubert Patrik Nemeth 60 1 2 2
2 Michael Sdao Morgan Ellis 40 1 2 2
Penalty Kill 4 Players Forward
Center Wing Time % Phy DF OF
1 Artem Anisimov Chris Bourque 60 1 2 2
2 Maxime Sauvé Richard Panik 40 1 2 2
Penalty Kill 4 Players Defense
Defense Defense Time % Phy DF OF
1 Colten Teubert Patrik Nemeth 60 1 2 2
2 Michael Sdao Morgan Ellis 40 1 2 2
Penalty Kill - 3 Players Forward
Forward Time % Phy DF OF
1 Artem Anisimov 60 1 2 2
2 Chris Bourque 40 1 2 2
Penalty Kill - 3 Players Defense
Defense Defense Time % Phy DF OF
1 Colten Teubert Patrik Nemeth 60 1 2 2
2 Michael Sdao Morgan Ellis 40 1 2 2
4 vs 4 Forward
Center Wing Time % Phy DF OF
1 Artem Anisimov Chris Bourque 60 1 2 2
2 Maxime Sauvé Richard Panik 40 1 2 2
4 vs 4 Defense
Defense Defense Time % Phy DF OF
1 Colten Teubert Patrik Nemeth 60 1 2 2
2 Michael Sdao Morgan Ellis 40 1 2 2
Last Minutes Offensive
Center Left Wing Right Wing Defense Defense
Artem Anisimov Chris Bourque Richard Panik Colten Teubert Patrik Nemeth
Last Minutes Defensive
Center Left Wing Right Wing Defense Defense
Artem Anisimov Chris Bourque Richard Panik Colten Teubert Patrik Nemeth
Goaltenders
Starting : Dustin Tokarski
Backup : Mike Condon
Extra Forwards
Normal : Tomas Hertl, Magnus Paajarvi-Svensson, Brendan Woods - PP : Tomas Hertl, Magnus Paajarvi-Svensson - PK : Brendan Woods
Extra Defensemen
Normal : Jonas Brodin, Derrick Pouliot, Michael Sdao - PP : Jonas Brodin - PK : Derrick Pouliot, Michael Sdao
Penalty Shots
Artem Anisimov, Chris Bourque, Maxime Sauvé, Richard Panik, Tomas Hertl
Scratches
Bryan Young (Healthy), Kevin Roy (Healthy), Brett Ponich (Healthy), Ryan Culkin (Healthy), Phillip Danault (Healthy)
Austen Brassard (Healthy), Gustav Nyquist (Torn Left Knee Ligaments Injury), Matt Delahey (Healthy), Jordan Binnington (Healthy)
Remparts
5 vs 5 Forward
Center Left Wing Right Wing Time % Phy DF OF
1 Dainius Zubrus Alex Galchenyuk Guillaume Desbiens 40 1 2 2
2 Max Reinhart Pasi Salonen Justin Williams 30 1 2 2
3 Cédric Lalonde-McNicoll Patrick Maroon Dale Weise 20 1 2 2
4 Chris Mueller Tim Bozon Anton Zlobin 10 1 2 2
5 vs 5 Defense
Defense Defense Time % Phy DF OF
1 Kris Russell Cody Ceci 40 1 2 2
2 William Colbert Mike Weber 30 1 2 2
3 Michal Jordan Erik Gustafsson 20 1 2 2
4 Kris Russell Cody Ceci 10 1 2 2
PowerPlay Forward
Center Left Wing Right Wing Time % Phy DF OF
1 Dainius Zubrus Alex Galchenyuk Guillaume Desbiens 60 1 2 2
2 Max Reinhart Pasi Salonen Justin Williams 40 1 2 2
PowerPlay Defense
Defense Defense Time % Phy DF OF
1 Kris Russell Mike Weber 60 1 2 2
2 William Colbert Michal Jordan 40 1 2 2
Penalty Kill 4 Players Forward
Center Wing Time % Phy DF OF
1 Max Reinhart Pasi Salonen 60 1 2 2
2 Chris Mueller Patrick Maroon 40 1 2 2
Penalty Kill 4 Players Defense
Defense Defense Time % Phy DF OF
1 Cody Ceci William Colbert 60 1 2 2
2 William Colbert Mike Weber 40 1 2 2
Penalty Kill - 3 Players Forward
Forward Time % Phy DF OF
1 Max Reinhart 60 1 2 2
2 Pasi Salonen 40 1 2 2
Penalty Kill - 3 Players Defense
Defense Defense Time % Phy DF OF
1 Cody Ceci William Colbert 60 1 2 2
2 Erik Gustafsson Kris Russell 40 1 2 2
4 vs 4 Forward
Center Wing Time % Phy DF OF
1 Dainius Zubrus Alex Galchenyuk 60 1 2 2
2 Max Reinhart Guillaume Desbiens 40 1 2 2
4 vs 4 Defense
Defense Defense Time % Phy DF OF
1 Kris Russell Cody Ceci 60 1 2 2
2 William Colbert Mike Weber 40 1 2 2
Last Minutes Offensive
Center Left Wing Right Wing Defense Defense
Dainius Zubrus Alex Galchenyuk Guillaume Desbiens Kris Russell Mike Weber
Last Minutes Defensive
Center Left Wing Right Wing Defense Defense
Max Reinhart Pasi Salonen Guillaume Desbiens Cody Ceci William Colbert
Goaltenders
Starting : Tyler Plante
Backup : Igor Bobkov
Extra Forwards
Normal : Max Reinhart, Alex Galchenyuk, Guillaume Desbiens - PP : Max Reinhart, Alex Galchenyuk - PK : Guillaume Desbiens
Extra Defensemen
Normal : William Colbert, Cody Ceci, Mike Weber - PP : Cody Ceci - PK : Erik Gustafsson, Michal Jordan
Penalty Shots
Alex Galchenyuk, Pasi Salonen, Justin Williams, Dainius Zubrus, Cédric Lalonde-McNicoll
Scratches
Ryan Strome (Suspend), Johannes Salmonsson (Herniated Disc Injury), Griffin Reinhart (Healthy), Michael Paliotta (Healthy), Mitchell Heard (Healthy)
Brandon Mashinter (Healthy), François Brassard (Healthy)
% Time on Ice - Gangsters
Lines # - Real PCT - Wanted PCT - Time Play
Normal Forward
1 - 34% - 40% - 16:29
2 - 32% - 30% - 15:20
3 - 20% - 20% - 9:37
4 - 15% - 10% - 7:04
Normal Defense
1 - 38% - 40% - 18:34
2 - 35% - 30% - 16:57
3 - 23% - 20% - 11:18
4 - 3% - 10% - 1:41
PP Forward
1 - 71% - 60% - 4:16
2 - 29% - 40% - 1:46
PP Defense
1 - 82% - 60% - 4:57
2 - 18% - 40% - 1:05
PK Forward
1 - 79% - 60% - 3:21
2 - 21% - 40% - 0:52
PK Defense
1 - 65% - 60% - 2:45
2 - 35% - 40% - 1:28
PK3 Forward
1 - 0% - 60%
2 - 0% - 40%
PK3 Defense
1 - 0% - 60%
2 - 0% - 40%
44 Forward
1 - 0% - 60%
2 - 0% - 40%
44 Defense
1 - 0% - 60%
2 - 0% - 40%
Last Minute Offensive - 0:00
Last Minute Defensive - 1:15
Total
Forward - 60:00
Defense - 60:00
|
% Time on Ice - Remparts
Lines # - Real PCT - Wanted PCT - Time Play
Normal Forward
1 - 35% - 40% - 17:04
2 - 28% - 30% - 13:24
3 - 23% - 20% - 11:16
4 - 14% - 10% - 6:46
Normal Defense
1 - 38% - 40% - 18:39
2 - 34% - 30% - 16:34
3 - 24% - 20% - 11:39
4 - 3% - 10% - 1:38
PP Forward
1 - 53% - 60% - 2:13
2 - 47% - 40% - 2:00
PP Defense
1 - 66% - 60% - 2:46
2 - 34% - 40% - 1:27
PK Forward
1 - 72% - 60% - 4:20
2 - 28% - 40% - 1:42
PK Defense
1 - 63% - 60% - 3:49
2 - 37% - 40% - 2:13
PK3 Forward
1 - 0% - 60%
2 - 0% - 40%
PK3 Defense
1 - 0% - 60%
2 - 0% - 40%
44 Forward
1 - 0% - 60%
2 - 0% - 40%
44 Defense
1 - 0% - 60%
2 - 0% - 40%
Last Minute Offensive - 1:15
Last Minute Defensive - 0:00
Total
Forward - 60:00
Defense - 60:00
|
Play by Play
1st period
0:01 of 1st period - Artem Anisimov wins face-off versus Dainius Zubrus in neutral zone.
0:37 of 1st period - Snap shot by Pasi Salonen.
0:37 of 1st period - Shot Misses the Net.
0:52 of 1st period - Devante Smith-Pelly is hit by Justin Williams.
0:58 of 1st period - Slapshot by Dave Dziurzynski.
0:58 of 1st period - Goal by Dave Dziurzynski - Gangsters : 1 - Remparts : 0.
0:59 of 1st period - Cédric Lalonde-McNicoll wins face-off versus Tomas Hertl in neutral zone.
1:10 of 1st period - Slapshot by Michal Jordan.
1:10 of 1st period - Stopped by Dustin Tokarski with a rebound.
1:15 of 1st period - Off-side.
1:16 of 1st period - Chris Bourque wins face-off versus Dainius Zubrus in neutral zone.
1:48 of 1st period - Chris Mueller is hit by Patrik Nemeth and loses puck.
2:11 of 1st period - Wrist shot by Patrick Maroon.
2:11 of 1st period - Stopped by Dustin Tokarski without a rebound.
2:12 of 1st period - Dainius Zubrus wins face-off versus Artem Anisimov in Gangsters zone.
2:21 of 1st period - Slapshot by Alex Galchenyuk.
2:21 of 1st period - Stopped by Dustin Tokarski without a rebound.
2:22 of 1st period - Dainius Zubrus wins face-off versus Artem Anisimov in Gangsters zone.
2:26 of 1st period - Minor Penalty to Artem Anisimov for Holding.
2:27 of 1st period - Dainius Zubrus wins face-off versus Brendan Woods in Gangsters zone.
2:39 of 1st period - Backhand shot by Colten Teubert.
2:39 of 1st period - Shot Misses the Net.
2:43 of 1st period - Snap shot by Chris Bourque.
2:43 of 1st period - Shot Blocked by Mike Weber.
2:55 of 1st period - Slapshot by Justin Williams.
2:55 of 1st period - Stopped by Dustin Tokarski with a rebound.
2:57 of 1st period - Wrist shot by Kris Russell.
2:57 of 1st period - Stopped by Dustin Tokarski without a rebound.
2:58 of 1st period - Maxime Sauvé wins face-off versus Max Reinhart in Gangsters zone.
2:58 of 1st period - Maxime Sauvé is hit by Pasi Salonen.
3:11 of 1st period - Richard Panik is hit by Pasi Salonen and loses puck.
4:26 of 1st period - Penalty to Artem Anisimov is over, Artem Anisimov is back on ice.
4:36 of 1st period - Snap shot by Maxime Sauvé.
4:36 of 1st period - Shot Misses the Net.
4:38 of 1st period - Slapshot by Artem Anisimov.
4:38 of 1st period - Stopped by Tyler Plante without a rebound.
4:39 of 1st period - Cédric Lalonde-McNicoll wins face-off versus Maxime Sauvé in Remparts zone.
4:44 of 1st period - Michael Sdao is hit by Patrick Maroon and loses puck.
5:05 of 1st period - Michael Sdao is hit by Pasi Salonen and loses puck.
5:30 of 1st period - Wrist shot by Seth Griffith.
5:30 of 1st period - Stopped by Tyler Plante with a rebound.
5:50 of 1st period - Snap shot by Tomas Hertl.
5:50 of 1st period - Stopped by Tyler Plante with a rebound.
5:52 of 1st period - Wrist shot by Michael Sdao.
5:52 of 1st period - Deflect By Michal Jordan.
5:52 of 1st period - Stopped by Tyler Plante without a rebound.
5:53 of 1st period - Tomas Hertl wins face-off versus Max Reinhart in Remparts zone.
5:58 of 1st period - Wrist shot by Tomas Hertl.
5:58 of 1st period - Deflect By Magnus Paajarvi-Svensson.
5:58 of 1st period - Stopped by Tyler Plante without a rebound.
5:59 of 1st period - Max Reinhart wins face-off versus Artem Anisimov in Remparts zone.
6:10 of 1st period - Backhand shot by Pasi Salonen.
6:10 of 1st period - Deflect By Max Reinhart.
6:10 of 1st period - Shot Misses the Net.
6:10 of 1st period - Puck is out of play.
6:11 of 1st period - Artem Anisimov wins face-off versus Dainius Zubrus in Gangsters zone.
6:11 of 1st period - Artem Anisimov is hit by Alex Galchenyuk.
6:38 of 1st period - Dave Dziurzynski is hit by Pasi Salonen and loses puck.
7:03 of 1st period - Dale Weise is hit by Tomas Hertl and loses puck.
7:26 of 1st period - Wrist shot by Dainius Zubrus.
7:26 of 1st period - Stopped by Dustin Tokarski with a rebound.
7:42 of 1st period - Slapshot by William Colbert.
7:42 of 1st period - Stopped by Dustin Tokarski with a rebound.
8:01 of 1st period - Off-side.
8:02 of 1st period - Maxime Sauvé wins face-off versus Max Reinhart in neutral zone.
8:07 of 1st period - Wrist shot by Devante Smith-Pelly.
8:07 of 1st period - Deflect By Maxime Sauvé.
8:07 of 1st period - Stopped by Tyler Plante without a rebound.
8:08 of 1st period - Dainius Zubrus wins face-off versus Artem Anisimov in Remparts zone.
10:54 of 1st period - Erik Gustafsson is hit by Maxime Sauvé and loses puck.
11:05 of 1st period - Cédric Lalonde-McNicoll is hit by Stefan Noesen and loses puck.
11:36 of 1st period - Max Reinhart is hit by Colten Teubert and loses puck.
12:30 of 1st period - Michael Sdao is hit by Guillaume Desbiens.
12:42 of 1st period - William Colbert is hit by Richard Panik and loses puck.
12:49 of 1st period - Richard Panik is hit by Mike Weber.
13:10 of 1st period - Max Reinhart is hit by Colten Teubert and loses puck.
13:30 of 1st period - Brendan Woods is hit by Guillaume Desbiens and loses puck.
13:48 of 1st period - Patrick Maroon is hit by Colten Teubert and loses puck.
13:53 of 1st period - Snap shot by Devante Smith-Pelly.
13:53 of 1st period - Shot Misses the Net.
13:56 of 1st period - Icing by Cédric Lalonde-McNicoll.
13:57 of 1st period - Artem Anisimov wins face-off versus Cédric Lalonde-McNicoll in Remparts zone.
14:21 of 1st period - Backhand shot by Patrick Maroon.
14:21 of 1st period - Stopped by Dustin Tokarski with a rebound.
14:44 of 1st period - Snap shot by Tomas Hertl.
14:44 of 1st period - Stopped by Tyler Plante without a rebound.
14:45 of 1st period - Dainius Zubrus wins face-off versus Tomas Hertl in Remparts zone.
14:54 of 1st period - Wrist shot by Alex Galchenyuk.
14:54 of 1st period - Shot Blocked by Colten Teubert.
14:56 of 1st period - Slapshot by Cody Ceci.
14:56 of 1st period - Stopped by Dustin Tokarski without a rebound.
14:57 of 1st period - Alex Galchenyuk wins face-off versus Artem Anisimov in Gangsters zone.
15:03 of 1st period - Minor Penalty to Chris Bourque for Charging.
15:04 of 1st period - Alex Galchenyuk wins face-off versus Artem Anisimov in Gangsters zone.
15:04 of 1st period - Slapshot by Guillaume Desbiens.
15:04 of 1st period - Shot Misses the Net.
15:06 of 1st period - Slapshot by Kris Russell.
15:06 of 1st period - Stopped by Dustin Tokarski without a rebound.
15:07 of 1st period - Dainius Zubrus wins face-off versus Artem Anisimov in Gangsters zone.
17:03 of 1st period - Penalty to Chris Bourque is over, Chris Bourque is back on ice.
17:10 of 1st period - Wrist shot by Maxime Sauvé.
17:10 of 1st period - Stopped by Tyler Plante without a rebound.
17:11 of 1st period - Maxime Sauvé wins face-off versus Chris Mueller in Remparts zone.
17:14 of 1st period - Slapshot by Dave Dziurzynski.
17:14 of 1st period - Stopped by Tyler Plante with a rebound.
17:16 of 1st period - Wrist shot by Devante Smith-Pelly.
17:16 of 1st period - Shot Blocked by Michal Jordan.
17:18 of 1st period - Wrist shot by Dave Dziurzynski.
17:18 of 1st period - Stopped by Tyler Plante with a rebound.
17:20 of 1st period - Snap shot by Devante Smith-Pelly.
17:20 of 1st period - Stopped by Tyler Plante without a rebound.
17:21 of 1st period - Max Reinhart wins face-off versus Artem Anisimov in Remparts zone.
17:49 of 1st period - Maxime Sauvé is hit by Guillaume Desbiens and loses puck.
18:10 of 1st period - Snap shot by Cédric Lalonde-McNicoll.
18:10 of 1st period - Shot Blocked by Patrik Nemeth.
18:36 of 1st period - Snap shot by Kris Russell.
18:36 of 1st period - Stopped by Dustin Tokarski without a rebound.
18:37 of 1st period - Artem Anisimov wins face-off versus Dainius Zubrus in Gangsters zone.
18:50 of 1st period - Wrist shot by Chris Bourque.
18:50 of 1st period - Shot Blocked by Kris Russell.
18:58 of 1st period - Slapshot by Artem Anisimov.
18:58 of 1st period - Shot Blocked by Kris Russell.
19:00 of 1st period - Slapshot by Derrick Pouliot.
19:00 of 1st period - Deflect By Chris Bourque.
19:00 of 1st period - Deflect By Dainius Zubrus.
19:00 of 1st period - Shot Blocked by Kris Russell.
19:00 of 1st period - Puck is out of play.
19:01 of 1st period - Maxime Sauvé wins face-off versus Justin Williams in Remparts zone.
19:05 of 1st period - Icing by Mike Weber.
19:06 of 1st period - Maxime Sauvé wins face-off versus Max Reinhart in Remparts zone.
19:13 of 1st period - Slapshot by Dave Dziurzynski.
19:13 of 1st period - Shot Misses the Net.
19:21 of 1st period - Snap shot by Dave Dziurzynski.
19:21 of 1st period - Stopped by Tyler Plante with a rebound.
19:33 of 1st period - Snap shot by Alex Galchenyuk.
19:33 of 1st period - Shot Misses the Net.
19:35 of 1st period - Slapshot by Dainius Zubrus.
19:35 of 1st period - Shot Misses the Net.
19:37 of 1st period - Wrist shot by Guillaume Desbiens.
19:37 of 1st period - Shot Blocked by Jonas Brodin.
19:55 of 1st period - Snap shot by Magnus Paajarvi-Svensson.
19:55 of 1st period - Shot Misses the Net.
Goals for this period are 1 for Gangsters vs 0 for Remparts.
Shots for this period are 13 for Gangsters vs 11 for Remparts.
2nd period
0:01 of 2nd period - Dainius Zubrus wins face-off versus Artem Anisimov in neutral zone.
0:11 of 2nd period - Off-side.
0:12 of 2nd period - Dainius Zubrus wins face-off versus Artem Anisimov in neutral zone.
0:49 of 2nd period - Justin Williams is hit by Colten Teubert and loses puck.
0:57 of 2nd period - Icing by Max Reinhart.
0:58 of 2nd period - Chris Mueller wins face-off versus Tomas Hertl in Remparts zone.
0:58 of 2nd period - Chris Mueller is hit by Michael Sdao.
1:16 of 2nd period - Cody Ceci is hit by Stefan Noesen and loses puck.
1:47 of 2nd period - Pasi Salonen is hit by Maxime Sauvé and loses puck.
2:42 of 2nd period - Off-side.
2:43 of 2nd period - Max Reinhart wins face-off versus Artem Anisimov in neutral zone.
3:10 of 2nd period - Dainius Zubrus is hit by Devante Smith-Pelly and loses puck.
3:26 of 2nd period - Icing by Dainius Zubrus.
3:27 of 2nd period - Tomas Hertl wins face-off versus Alex Galchenyuk in Remparts zone.
4:03 of 2nd period - Minor Penalty to Colten Teubert for Roughing.
4:04 of 2nd period - Artem Anisimov wins face-off versus Max Reinhart in Gangsters zone.
4:09 of 2nd period - Off-side.
4:10 of 2nd period - Artem Anisimov wins face-off versus Max Reinhart in neutral zone.
4:18 of 2nd period - Snap shot by Max Reinhart.
4:18 of 2nd period - Goal by Max Reinhart - Gangsters : 1 - Remparts : 1.
4:19 of 2nd period - Chris Bourque wins face-off versus Dainius Zubrus in neutral zone.
4:51 of 2nd period - Mike Weber is hit by Devante Smith-Pelly.
4:57 of 2nd period - Wrist shot by Pasi Salonen.
4:57 of 2nd period - Deflect By Maxime Sauvé.
4:57 of 2nd period - Shot Misses the Net.
4:57 of 2nd period - Puck is out of play.
4:58 of 2nd period - Cédric Lalonde-McNicoll wins face-off versus Artem Anisimov in Gangsters zone.
5:20 of 2nd period - Icing by Patrick Maroon.
5:21 of 2nd period - Cédric Lalonde-McNicoll wins face-off versus Maxime Sauvé in Remparts zone.
5:28 of 2nd period - Wrist shot by Alex Galchenyuk.
5:28 of 2nd period - Deflect By Guillaume Desbiens.
5:28 of 2nd period - Stopped by Dustin Tokarski with a rebound.
5:30 of 2nd period - Slapshot by Alex Galchenyuk.
5:30 of 2nd period - Shot Misses the Net.
5:32 of 2nd period - Slapshot by Mike Weber.
5:32 of 2nd period - Stopped by Dustin Tokarski without a rebound.
5:33 of 2nd period - Dainius Zubrus wins face-off versus Artem Anisimov in Gangsters zone.
5:38 of 2nd period - Snap shot by Alex Galchenyuk.
5:38 of 2nd period - Shot Misses the Net.
5:40 of 2nd period - Wrist shot by Cody Ceci.
5:40 of 2nd period - Goal by Cody Ceci - Gangsters : 1 - Remparts : 2.
5:41 of 2nd period - Dainius Zubrus wins face-off versus Artem Anisimov in neutral zone.
6:16 of 2nd period - Wrist shot by Pasi Salonen.
6:16 of 2nd period - Stopped by Dustin Tokarski with a rebound.
6:45 of 2nd period - Icing by William Colbert.
6:46 of 2nd period - Seth Griffith wins face-off versus Cédric Lalonde-McNicoll in Remparts zone.
6:55 of 2nd period - Wrist shot by Chris Bourque.
6:55 of 2nd period - Stopped by Tyler Plante with a rebound.
6:57 of 2nd period - Snap shot by Michael Sdao.
6:57 of 2nd period - Stopped by Tyler Plante with a rebound.
6:59 of 2nd period - Wrist shot by Artem Anisimov.
6:59 of 2nd period - Shot Misses the Net.
7:01 of 2nd period - Snap shot by Richard Panik.
7:01 of 2nd period - Shot Misses the Net.
7:15 of 2nd period - Michael Sdao is hit by Alex Galchenyuk and loses puck.
7:44 of 2nd period - Snap shot by Alex Galchenyuk.
7:44 of 2nd period - Shot Blocked by Sebastian Collberg.
7:46 of 2nd period - Slapshot by William Colbert.
7:46 of 2nd period - Stopped by Dustin Tokarski without a rebound.
7:47 of 2nd period - Artem Anisimov wins face-off versus Max Reinhart in Gangsters zone.
7:47 of 2nd period - Artem Anisimov is hit by Pasi Salonen.
7:55 of 2nd period - Snap shot by Artem Anisimov.
7:55 of 2nd period - Shot Misses the Net.
7:57 of 2nd period - Backhand shot by Richard Panik.
7:57 of 2nd period - Stopped by Tyler Plante with a rebound.
9:45 of 2nd period - Slapshot by Tomas Hertl.
9:45 of 2nd period - Shot Misses the Net.
10:56 of 2nd period - Jonas Brodin is hit by Patrick Maroon.
11:11 of 2nd period - Slapshot by Magnus Paajarvi-Svensson.
11:11 of 2nd period - Shot Misses the Net.
11:45 of 2nd period - Wrist shot by Pasi Salonen.
11:45 of 2nd period - Deflect By Max Reinhart.
11:45 of 2nd period - Stopped by Dustin Tokarski without a rebound.
11:46 of 2nd period - Max Reinhart wins face-off versus Artem Anisimov in Gangsters zone.
12:01 of 2nd period - Wrist shot by Justin Williams.
12:01 of 2nd period - Stopped by Dustin Tokarski without a rebound.
12:02 of 2nd period - Dainius Zubrus wins face-off versus Maxime Sauvé in Gangsters zone.
12:40 of 2nd period - Snap shot by Justin Williams.
12:40 of 2nd period - Stopped by Dustin Tokarski without a rebound.
12:41 of 2nd period - Cédric Lalonde-McNicoll wins face-off versus Artem Anisimov in Gangsters zone.
14:21 of 2nd period - Icing by William Colbert.
14:22 of 2nd period - Chris Mueller wins face-off versus Maxime Sauvé in Remparts zone.
14:22 of 2nd period - Chris Mueller is hit by Colten Teubert.
14:28 of 2nd period - Snap shot by Devante Smith-Pelly.
14:28 of 2nd period - Stopped by Tyler Plante without a rebound.
14:29 of 2nd period - Maxime Sauvé wins face-off versus Dainius Zubrus in Remparts zone.
14:30 of 2nd period - Wrist shot by Dave Dziurzynski.
14:30 of 2nd period - Shot Misses the Net.
14:32 of 2nd period - Slapshot by Patrik Nemeth.
14:32 of 2nd period - Deflect By Devante Smith-Pelly.
14:32 of 2nd period - Shot Misses the Net.
14:32 of 2nd period - Puck is out of play.
14:33 of 2nd period - Artem Anisimov wins face-off versus Dainius Zubrus in Remparts zone.
14:40 of 2nd period - Snap shot by Artem Anisimov.
14:40 of 2nd period - Stopped by Tyler Plante without a rebound.
14:41 of 2nd period - Dainius Zubrus wins face-off versus Artem Anisimov in Remparts zone.
14:41 of 2nd period - Dainius Zubrus is hit by Chris Bourque.
15:09 of 2nd period - Backhand shot by Devante Smith-Pelly.
15:09 of 2nd period - Deflect By Dave Dziurzynski.
15:09 of 2nd period - Deflect By Max Reinhart.
15:09 of 2nd period - Stopped by Tyler Plante without a rebound.
15:10 of 2nd period - Pasi Salonen wins face-off versus Maxime Sauvé in Remparts zone.
15:12 of 2nd period - Minor Penalty to Mike Weber for Hooking.
15:13 of 2nd period - Max Reinhart wins face-off versus Artem Anisimov in Remparts zone.
15:19 of 2nd period - Slapshot by William Colbert.
15:19 of 2nd period - Shot Blocked by Artem Anisimov.
15:22 of 2nd period - Icing by Chris Bourque.
15:23 of 2nd period - Max Reinhart wins face-off versus Artem Anisimov in Gangsters zone.
15:40 of 2nd period - Snap shot by Chris Bourque.
15:40 of 2nd period - Stopped by Tyler Plante with a rebound.
15:50 of 2nd period - Wrist shot by Chris Bourque.
15:50 of 2nd period - Deflect By Richard Panik.
15:50 of 2nd period - Stopped by Tyler Plante with a rebound.
15:52 of 2nd period - Snap shot by Chris Bourque.
15:52 of 2nd period - Shot Blocked by Max Reinhart.
15:54 of 2nd period - Snap shot by Patrik Nemeth.
15:54 of 2nd period - Shot Blocked by William Colbert.
15:56 of 2nd period - Slapshot by Patrik Nemeth.
15:56 of 2nd period - Shot Blocked by Max Reinhart.
16:12 of 2nd period - Wrist shot by Artem Anisimov.
16:12 of 2nd period - Shot Blocked by Patrick Maroon.
16:46 of 2nd period - Slapshot by Chris Bourque.
16:46 of 2nd period - Shot Misses the Net.
17:00 of 2nd period - Slapshot by Chris Bourque.
17:00 of 2nd period - Shot Misses the Net.
17:02 of 2nd period - Slapshot by Artem Anisimov.
17:02 of 2nd period - Stopped by Tyler Plante with a rebound.
17:04 of 2nd period - Slapshot by Richard Panik.
17:04 of 2nd period - Shot Blocked by William Colbert.
17:06 of 2nd period - Slapshot by Colten Teubert.
17:06 of 2nd period - Stopped by Tyler Plante with a rebound.
17:12 of 2nd period - Penalty to Mike Weber is over, Mike Weber is back on ice.
17:14 of 2nd period - Wrist shot by Artem Anisimov.
17:14 of 2nd period - Shot Blocked by William Colbert.
17:16 of 2nd period - Snap shot by Chris Bourque.
17:16 of 2nd period - Shot Misses the Net.
17:18 of 2nd period - Slapshot by Patrik Nemeth.
17:18 of 2nd period - Shot Misses the Net.
17:20 of 2nd period - Snap shot by Colten Teubert.
17:20 of 2nd period - Stopped by Tyler Plante with a rebound.
17:30 of 2nd period - Mike Weber is hit by Patrik Nemeth.
17:35 of 2nd period - Off-side.
17:36 of 2nd period - Dainius Zubrus wins face-off versus Maxime Sauvé in neutral zone.
17:41 of 2nd period - Snap shot by Alex Galchenyuk.
17:41 of 2nd period - Stopped by Dustin Tokarski without a rebound.
17:42 of 2nd period - Maxime Sauvé wins face-off versus Dainius Zubrus in Gangsters zone.
17:51 of 2nd period - Maxime Sauvé is hit by Alex Galchenyuk and loses puck.
18:16 of 2nd period - Wrist shot by Stefan Noesen.
18:16 of 2nd period - Shot Blocked by Cody Ceci.
18:18 of 2nd period - Snap shot by Michael Sdao.
18:18 of 2nd period - Deflect By Tomas Hertl.
18:18 of 2nd period - Goal by Tomas Hertl - Gangsters : 2 - Remparts : 2.
18:19 of 2nd period - Dainius Zubrus wins face-off versus Maxime Sauvé in neutral zone.
18:21 of 2nd period - Minor Penalty to Dainius Zubrus for Tripping.
18:22 of 2nd period - Pasi Salonen wins face-off versus Maxime Sauvé in Remparts zone.
18:38 of 2nd period - Snap shot by Devante Smith-Pelly.
18:38 of 2nd period - Deflect By Maxime Sauvé.
18:38 of 2nd period - Shot Blocked by Cody Ceci.
18:38 of 2nd period - Puck is out of play.
18:39 of 2nd period - Max Reinhart wins face-off versus Maxime Sauvé in Remparts zone.
19:14 of 2nd period - Mike Weber is hit by Richard Panik and loses puck.
Goals for this period are 1 for Gangsters vs 2 for Remparts.
Shots for this period are 12 for Gangsters vs 10 for Remparts.
3rd period
0:01 of 3rd period - Max Reinhart wins face-off versus Artem Anisimov in neutral zone.
0:04 of 3rd period - Slapshot by William Colbert.
0:04 of 3rd period - Shot Blocked by Patrik Nemeth.
0:21 of 3rd period - Penalty to Dainius Zubrus is over, Dainius Zubrus is back on ice.
0:56 of 3rd period - Wrist shot by Cédric Lalonde-McNicoll.
0:56 of 3rd period - Deflect By Dale Weise.
0:56 of 3rd period - Deflect By Dave Dziurzynski.
0:56 of 3rd period - Stopped by Dustin Tokarski without a rebound.
0:57 of 3rd period - Artem Anisimov wins face-off versus Cédric Lalonde-McNicoll in Gangsters zone.
0:57 of 3rd period - Artem Anisimov is hit by Cédric Lalonde-McNicoll.
1:07 of 3rd period - Slapshot by Patrick Maroon.
1:07 of 3rd period - Shot Blocked by Patrik Nemeth.
1:09 of 3rd period - Wrist shot by Cédric Lalonde-McNicoll.
1:09 of 3rd period - Stopped by Dustin Tokarski without a rebound.
1:10 of 3rd period - Dainius Zubrus wins face-off versus Artem Anisimov in Gangsters zone.
1:11 of 3rd period - Slapshot by Alex Galchenyuk.
1:11 of 3rd period - Shot Blocked by Richard Panik.
1:42 of 3rd period - Snap shot by Justin Williams.
1:42 of 3rd period - Stopped by Dustin Tokarski with a rebound.
2:06 of 3rd period - Slapshot by Erik Gustafsson.
2:06 of 3rd period - Deflect By Chris Mueller.
2:06 of 3rd period - Shot Misses the Net.
2:06 of 3rd period - Puck is out of play.
2:07 of 3rd period - Dainius Zubrus wins face-off versus Richard Panik in Gangsters zone.
2:18 of 3rd period - Dainius Zubrus is hit by Morgan Ellis and loses puck.
2:33 of 3rd period - Dave Dziurzynski is hit by Justin Williams.
2:57 of 3rd period - Kris Russell is hit by Magnus Paajarvi-Svensson and loses puck.
5:31 of 3rd period - Justin Williams is hit by Dave Dziurzynski and loses puck.
5:50 of 3rd period - Slapshot by Cédric Lalonde-McNicoll.
5:50 of 3rd period - Stopped by Dustin Tokarski with a rebound.
5:52 of 3rd period - Slapshot by Cody Ceci.
5:52 of 3rd period - Stopped by Dustin Tokarski with a rebound.
6:38 of 3rd period - Snap shot by Justin Williams.
6:38 of 3rd period - Shot Blocked by Michael Sdao.
7:14 of 3rd period - Snap shot by Cédric Lalonde-McNicoll.
7:14 of 3rd period - Stopped by Dustin Tokarski without a rebound.
7:15 of 3rd period - Artem Anisimov wins face-off versus Cédric Lalonde-McNicoll in Gangsters zone.
7:30 of 3rd period - Snap shot by Cédric Lalonde-McNicoll.
7:30 of 3rd period - Shot Misses the Net.
7:48 of 3rd period - Minor Penalty to Dainius Zubrus for Holding.
7:49 of 3rd period - Artem Anisimov wins face-off versus Max Reinhart in Remparts zone.
7:53 of 3rd period - Snap shot by Chris Bourque.
7:53 of 3rd period - Goal by Chris Bourque - Gangsters : 3 - Remparts : 2.
7:54 of 3rd period - Richard Panik wins face-off versus Dainius Zubrus in neutral zone.
8:32 of 3rd period - Slapshot by Pasi Salonen.
8:32 of 3rd period - Deflect By Justin Williams.
8:32 of 3rd period - Stopped by Dustin Tokarski without a rebound.
8:33 of 3rd period - Maxime Sauvé wins face-off versus Max Reinhart in Gangsters zone.
8:38 of 3rd period - William Colbert is hit by Maxime Sauvé and loses puck.
8:43 of 3rd period - Wrist shot by Dave Dziurzynski.
8:43 of 3rd period - Shot Misses the Net.
8:45 of 3rd period - Snap shot by Devante Smith-Pelly.
8:45 of 3rd period - Stopped by Tyler Plante without a rebound.
8:46 of 3rd period - Dainius Zubrus wins face-off versus Artem Anisimov in Remparts zone.
9:03 of 3rd period - Richard Panik is hit by Dainius Zubrus and loses puck.
9:38 of 3rd period - Stefan Noesen is hit by Mike Weber.
9:44 of 3rd period - Patrick Maroon is hit by Magnus Paajarvi-Svensson and loses puck.
10:00 of 3rd period - Slapshot by Derrick Pouliot.
10:00 of 3rd period - Deflect By Seth Griffith.
10:00 of 3rd period - Shot Misses the Net.
10:00 of 3rd period - Puck is out of play.
10:01 of 3rd period - Artem Anisimov wins face-off versus Guillaume Desbiens in Remparts zone.
10:08 of 3rd period - Wrist shot by Dainius Zubrus.
10:08 of 3rd period - Stopped by Dustin Tokarski with a rebound.
10:10 of 3rd period - Slapshot by Erik Gustafsson.
10:10 of 3rd period - Shot Misses the Net.
10:12 of 3rd period - Slapshot by Michal Jordan.
10:12 of 3rd period - Stopped by Dustin Tokarski without a rebound.
10:13 of 3rd period - Dainius Zubrus wins face-off versus Artem Anisimov in Gangsters zone.
10:19 of 3rd period - Icing by Michael Sdao.
10:20 of 3rd period - Artem Anisimov wins face-off versus Alex Galchenyuk in Gangsters zone.
10:20 of 3rd period - Artem Anisimov is hit by Guillaume Desbiens.
12:00 of 3rd period - Snap shot by Guillaume Desbiens.
12:00 of 3rd period - Shot Misses the Net.
12:02 of 3rd period - Wrist shot by Guillaume Desbiens.
12:02 of 3rd period - Shot Misses the Net.
12:14 of 3rd period - Wrist shot by Maxime Sauvé.
12:14 of 3rd period - Shot Misses the Net.
12:36 of 3rd period - Michal Jordan is hit by Stefan Noesen.
12:52 of 3rd period - Guillaume Desbiens is hit by Artem Anisimov and loses puck.
13:16 of 3rd period - Slapshot by Seth Griffith.
13:16 of 3rd period - Goal by Seth Griffith - Gangsters : 4 - Remparts : 2.
13:17 of 3rd period - Dainius Zubrus wins face-off versus Artem Anisimov in neutral zone.
14:50 of 3rd period - Slapshot by Alex Galchenyuk.
14:50 of 3rd period - Shot Misses the Net.
14:52 of 3rd period - Snap shot by Dainius Zubrus.
14:52 of 3rd period - Stopped by Dustin Tokarski without a rebound.
14:53 of 3rd period - Dainius Zubrus wins face-off versus Maxime Sauvé in Gangsters zone.
15:20 of 3rd period - Minor Penalty to Guillaume Desbiens for Hooking.
15:21 of 3rd period - Max Reinhart wins face-off versus Artem Anisimov in Remparts zone.
15:26 of 3rd period - Slapshot by Max Reinhart.
15:26 of 3rd period - Goal by Max Reinhart - Gangsters : 4 - Remparts : 3.
15:27 of 3rd period - Max Reinhart wins face-off versus Artem Anisimov in neutral zone.
15:30 of 3rd period - Snap shot by Pasi Salonen.
15:30 of 3rd period - Deflect By Chris Bourque.
15:30 of 3rd period - Stopped by Dustin Tokarski with a rebound.
16:02 of 3rd period - Snap shot by Patrik Nemeth.
16:02 of 3rd period - Shot Misses the Net.
17:20 of 3rd period - Penalty to Guillaume Desbiens is over, Guillaume Desbiens is back on ice.
17:23 of 3rd period - Chris Mueller is hit by Tomas Hertl and loses puck.
18:26 of 3rd period - Slapshot by William Colbert.
18:26 of 3rd period - Stopped by Dustin Tokarski without a rebound.
18:27 of 3rd period - Chris Mueller wins face-off versus Richard Panik in Gangsters zone.
18:28 of 3rd period - Slapshot by Kris Russell.
18:28 of 3rd period - Stopped by Dustin Tokarski with a rebound.
18:48 of 3rd period - Patrik Nemeth is hit by Guillaume Desbiens and loses puck.
18:51 of 3rd period - Remparts, Tyler Plante is pulled from the net.
19:06 of 3rd period - Icing by Alex Galchenyuk.
19:07 of 3rd period - Tyler Plante from Remparts was sent back in the game.
19:07 of 3rd period - Dainius Zubrus wins face-off versus Artem Anisimov in Remparts zone.
19:12 of 3rd period - Remparts, Tyler Plante is pulled from the net.
19:43 of 3rd period - Snap shot by Alex Galchenyuk.
19:43 of 3rd period - Deflect By Guillaume Desbiens.
19:43 of 3rd period - Shot Misses the Net.
19:43 of 3rd period - Puck is out of play.
19:44 of 3rd period - Glen Gulutzan call a timeout for Remparts.
19:44 of 3rd period - Guillaume Desbiens wins face-off versus Chris Bourque in Gangsters zone.
Goals for this period are 2 for Gangsters vs 1 for Remparts.
Shots for this period are 3 for Gangsters vs 14 for Remparts.
Back to the Top